 Dungeon Sprint DCSS version 0.32-a0-450-g080537f31e (webtiles) character file.

Game seed: 3053290541634987198

1859 adelrune the Severer (level 8, 0/78 HPs)
             Began as a Minotaur Fighter on Feb 23, 2024.
             Was a Believer of Qazlal.
             Slain by a slime creature (5 damage)
             ... while petrified by a basilisk
             ... in the Dungeon (Sprint IX: "|||||||||||||||||||||||||||||").
             The game lasted 00:03:02 (282 turns).

adelrune the Severer (Minotaur Fighter)              Turns: 282, Time: 00:03:03

Health: 0/78       AC: 15    Str: 26    XL:     8   Next: 89%
Magic:  9/10       EV:  2    Int:  5    God:    Qazlal [**....]
Gold:   0          SH:  0    Dex: 10    Spells: 7/7 levels left

rFire   . . .        m - +1 broad axe (heavy)
rCold   . . .        c - +0 buckler
rNeg    + + +        o - +1 chain mail
rPois   ∞            (helmet restricted)
rElec   .            (no cloak)
rCorr   .            (no gloves)
SInv    .            n - +0 pair of boots
Will    .....        (no amulet) Stlth
                     p - +2 ring of protection
HPRegen 0.33/turn    q - +3 ring of strength
MPRegen 0.12/turn

%: no teleportation
@: petrified
A: horns 2, retaliatory headbutt
a: Renounce Religion, Upheaval


You were in the Dungeon.
You worshipped Qazlal.
Qazlal was pleased with you.
You visited 1 branch

Inventory:

Hand Weapons
 a - a +0 flail
 m - a +1 heavy broad axe (weapon)
Armour
 b - a +0 scale mail
 c - a +0 buckler (worn)
 n - a +0 pair of boots (worn)
 o - a +1 chain mail (worn)
Jewellery
 p - a +2 ring of protection (left hand)
 q - a +3 ring of strength (right hand)
Wands
 l - a wand of roots (10)
Scrolls
 j - 2 scrolls of blinking
 k - 2 scrolls of amnesia
Potions
 d - a potion of might
 e - 5 potions of curing
 f - a potion of invisibility
 g - a potion of haste
 h - 4 potions of magic
 i - a potion of heal wounds


   Skills:
 + Level 9.0 Fighting
 * Level 15.0(15.6) Axes
 - Level 7.2(12.0) Maces & Flails
 + Level 9.0 Armour
 + Level 7.1 Dodging
 + Level 8.7 Shields
 + Level 5.1 Invocations


You had 7 spell levels left.
You didn't know any spells.
Your spell library was empty.

Dungeon Overview and Level Annotations

Branches:
Dungeon (1/1)

Altars:
Cheibriados
Dithmenos
Elyvilon
Fedhas
Gozag
Hepliaklqana
Kikubaaqudgha
Makhleb
Nemelex Xobeh
Okawaru
Qazlal
Ru
Sif Muna
Trog
Uskayaw
Vehumet
Wu Jian
Xom
Yredelemnul
Zin
The Shining One
Beogh
Jiyva
Lugonu


Innate Abilities, Weirdness & Mutations

You have a pair of horns on your head.
You reflexively headbutt those who attack you in melee.


Message History

The red ugly thing headbutts you but does no damage.
You chop the red ugly thing into pieces!!!
You kill the red ugly thing!
Qazlal accepts your kill.
The basilisk bites you but does no damage.
You slice the basilisk!!
The basilisk is severely wounded.
The basilisk bites you but does no damage.
You miss the basilisk.
The basilisk is severely wounded.
The basilisk gazes at you. You resist with some effort.
You miss the basilisk.
The basilisk is severely wounded.
The basilisk gazes at you.
You are slowing down.
Unknown command.
You barely miss the basilisk. You headbutt the basilisk!
You kill the basilisk!
Qazlal accepts your kill. The slime creature hits you!
* * * LOW HITPOINT WARNING * * *
You block the slime creature's attack.
You have turned to stone.
Your Fighting skill increases to level 9!
Your Axes skill increases to level 15!
Your Armour skill increases to level 9!
Your Dodging skill increases to level 7!
Your Invocations skill increases to level 5!
The slime creature hits you but does no damage.
The shadow slips into darkness.
The shadow flickers and vanishes!
Deactivating autopickup; reactivate with Ctrl-A.
The slime creature hits you!
* * * LOW HITPOINT WARNING * * *
The slime creature hits you.
* * * LOW HITPOINT WARNING * * *
The slime creature hits you but does no damage.
The slime creature hits you!
* * * LOW HITPOINT WARNING * * *
The slime creature hits you!
You die...

▓.▓
▓.▓
▓.▓
▓.▓
▓C▓
▓{▓
▓J▓
▓@▓
▓.▓
▓.▓
▓.▓
▓.▓
▓)▓
▓†▓
▓.▓
▓.▓


You could see a slime creature and a cyclops.

Vanquished Creatures
  A hydra (D)
  An ugly thing (D)
  A troll (D)
  A hornet (D)
  A basilisk (D)
  A centaur (D)
  A scorpion (D)
  A gnoll sergeant (D)
  A killer bee (D)
  A howler monkey (D)
  A hound (D)
  An orc wizard (D)
  An ufetubus (D)
  A dart slug (D)
  An orc (D)
  A hobgoblin (D)
  2 frilled lizards (D)
  A kobold (D)
19 creatures vanquished.

Notes
Turn   | Place    | Note
-------+----------+-------------------------------------------
     0 | D        | adelrune the Minotaur Fighter began the quest for the Orb.
     0 | D        | Reached XP level 1. HP: 19/19 MP: 0/0
     9 | D        | Reached skill level 1 in Dodging
    21 | D        | Noticed a hound
    21 | D        | Noticed a scorpion
    21 | D        | Noticed an orc wizard
    24 | D        | Reached XP level 2. HP: 27/27 MP: 1/1
    65 | D        | Reached skill level 5 in Maces & Flails
    65 | D        | Reached XP level 3. HP: 33/35 MP: 2/2
    65 | D        | Killed a scorpion
    66 | D        | Reached skill level 5 in Fighting
    66 | D        | Reached skill level 5 in Armour
    66 | D        | Reached skill level 5 in Shields
    66 | D        | Reached XP level 4. HP: 42/44 MP: 3/3
    78 | D        | Found a roughly hewn altar of Beogh.
    78 | D        | Found a snail-covered altar of Cheibriados.
    78 | D        | Found a shadowy altar of Dithmenos.
    78 | D        | Found a white marble altar of Elyvilon.
    78 | D        | Found a blossoming altar of Fedhas.
    78 | D        | Found an opulent altar of Gozag.
    79 | D        | Found a hazy altar of Hepliaklqana.
    80 | D        | Found a viscous altar of Jiyva.
    81 | D        | Found an ancient bone altar of Kikubaaqudgha.
   103 | D        | Found a corrupted altar of Lugonu.
   104 | D        | Found a burning altar of Makhleb.
   105 | D        | Found a sparkling altar of Nemelex Xobeh.
   106 | D        | Found an iron altar of Okawaru.
   107 | D        | Found a stormy altar of Qazlal.
   108 | D        | Found a sacrificial altar of Ru.
   109 | D        | Found a shimmering blue altar of Sif Muna.
   110 | D        | Found a bloodstained altar of Trog.
   111 | D        | Found a hide-covered altar of Uskayaw.
   112 | D        | Found a radiant altar of Vehumet.
   113 | D        | Found an ornate altar of the Wu Jian Council.
   114 | D        | Found a shimmering altar of Xom.
   115 | D        | Became a worshipper of Qazlal Stormbringer
   116 | D        | Found a basalt altar of Yredelemnul.
   117 | D        | Found a glowing silver altar of Zin.
   118 | D        | Found a glowing golden altar of the Shining One.
   163 | D        | Noticed a troll
   163 | D        | Noticed a centaur
   163 | D        | Noticed a hornet
   163 | D        | Noticed a gnoll sergeant
   166 | D        | Reached skill level 5 in Axes
   166 | D        | Reached XP level 5. HP: 44/50 MP: 4/4
   169 | D        | Reached skill level 8 in Axes
   169 | D        | Killed a hornet
   169 | D        | Reached * piety under Qazlal
   170 | D        | Reached skill level 12 in Axes
   170 | D        | Reached XP level 6. HP: 29/57 MP: 5/5
   171 | D        | Reached skill level 1 in Invocations
   175 | D        | Killed a troll
   176 | D        | Reached skill level 13 in Axes
   176 | D        | Reached skill level 5 in Dodging
   176 | D        | Reached XP level 7. HP: 41/66 MP: 5/7
   179 | D        | Reached ** piety under Qazlal
   267 | D        | Noticed a cyclops
   267 | D        | Noticed a slime creature
   267 | D        | Noticed a shadow
   267 | D        | Noticed a red ugly thing
   267 | D        | Noticed a six-headed hydra
   267 | D        | Noticed a basilisk
   269 | D        | Killed an eight-headed hydra
   270 | D        | Reached skill level 14 in Axes
   270 | D        | Reached XP level 8. HP: 38/74 MP: 8/10
   272 | D        | Killed a red ugly thing
   277 | D        | Reached skill level 15 in Axes
   277 | D        | Reached skill level 5 in Invocations
   282 | D        | Slain by a slime creature

Illustrated notes

Levels and vault maps discovered:
D:        linesprint [early_d, line_temple, items_1, d_10, items_2, lair_1,
          lair_end, items_3, orc_1, orc_end, items_4, d_15, swamp_1, shoals_1,
          snake_1, spider_1, d_20, vaults_1, items_5, swamp_end, shoals_end,
          snake_end, spider_end, vaults_end, d_27, items_6, zot_1, zot_end,
          crypt_end, forest_end, elf_end, slime_end, tomb_end, abyss_end,
          pan_hell_end]

Skill      XL: |  1  2  3  4  5  6  7  8 |
---------------+-------------------------+-----
Maces & Flails | 3 5 6 7 |  7.2
Dodging        | 1 2 3 4 5 6 7 |  7.1
Fighting       | 4 5 6 7 8 9 |  9.0
Armour         | 4 5 6 7 8 9 |  9.0
Shields        | 4 5 6 8 |  8.7
Axes           | 5 12 13 14 15 | 15.0
Invocations    | 2 4 5 |  5.1

Action                     |  1- 3 |  4- 6 |  7- 9 || total
---------------------------+-------+-------+-------++-------
  Melee: Flail             |    37 |     3 |       ||    40
         Headbutt          |     3 |     1 |     3 ||     7
         Broad axe         |       |    10 |    13 ||    23
    Use: Potion            |     2 |     1 |       ||     3
 Armour: Scale mail        |    57 |       |       ||    57
         Chain mail        |       |    17 |    23 ||    40
  Dodge: Dodged            |    14 |    10 |     4 ||    28
  Block: Buckler           |     5 |    12 |     4 ||    21

Table legend: (Time is in decaauts)
 A = Elapsed time spent in this place.
 B = Non-inter-level travel time spent in this place.
 C = Inter-level travel time spent in this place.
 D = Time resting spent in this place.
 E = Time spent auto-exploring this place.
 F = Levels seen in this place.
 G = Mean time per level.
                   A        B        C        D        E       F      G
               +--------+--------+--------+--------+--------+-----+--------+
         Total |    314 |    314 |      0 |    112 |      6 |   1 |  314.0 |
       Dungeon |    314 |    314 |      0 |    112 |      6 |   1 |  314.0 |
               +--------+--------+--------+--------+--------+-----+--------+

Top non-repeatable levels by time:
       D: 314 daAuts
